 Dungeon Crawl Stone Soup version 0.30-a0-297-g0ec75d9ef4 (webtiles) character file.

Game seed: 10495397597920471510

3308 purpskrrrp the Cleaver (level 10, -8/77 HPs)
             Began as a Gnoll Reaver on Oct 19, 2022.
             Was a Priest of Vehumet.
             Mangled by a vault guard
             ... wielding a +0 broad axe
              (25 damage)
             ... in a bailey.
             The game lasted 00:19:43 (8579 turns).

purpskrrrp the Cleaver (Gnoll Reaver)               Turns: 8579, Time: 00:19:43

Health: -8/77      AC: 10    Str: 11    XL:     10   Next: 1%
Magic:  11/20      EV: 14    Int: 15    God:    Vehumet [***...]
Gold:   202        SH:  0    Dex: 19    Spells: 15/23 levels left

rFire   . . .      SeeInvis .    c - +5 great sword
rCold   + . .      Faith    .    (shield currently unavailable)
rNeg    + . .      Spirit   .    d - +0 ring mail {rC+}
rPois   .          Reflect  .    m - +1 hat
rElec   .          Harm     .    i - scarf {repulsion}
rCorr   .          Rampage  .    g - +2 pair of gloves {infuse}
Will    .....                    (no boots)
Stlth   +.........               (no amulet)
HPRegen 0.32/turn                k - ring of positive energy
MPRegen 0.17/turn                n - +6 ring of dexterity

@: repel missiles, very slow
A: fangs 1, strong nose, distributed training
a: Renounce Religion


You were in a bailey.
You worshipped Vehumet.
Vehumet was most pleased with you.
You visited 2 branches of the dungeon, and saw 8 of its levels.
You also visited: Ossuary and Bailey.

You collected 208 gold pieces.
You donated 6 gold pieces to Zin.

Inventory:

Hand Weapons
 a - a +1 hand axe
 c - a +5 great sword (weapon)
Armour
 b - a +0 leather armour
 d - a +0 ring mail of cold resistance (worn)
 g - a +2 pair of gloves of infusion (worn)
 i - a scarf of repulsion (worn)
 m - a +1 hat (worn)
Magical Staves
 o - a staff of cold
Jewellery
 k - a ring of positive energy (left hand)
 n - a +6 ring of dexterity (right hand)
 t - a ring of positive energy
 x - a ring of fire
Wands
 l - a wand of digging (5)
 v - a wand of polymorph (10)
 y - a wand of roots (5)
Scrolls
 j - a scroll of noise
 s - 2 scrolls of fear
 A - a scroll of teleportation
Potions
 e - 2 potions of might
 f - a potion of magic {unknown}
 h - 2 potions of curing
 p - 2 potions of flight {unknown}
 q - 3 potions of mutation
 r - a potion of cancellation {unknown}
 w - a potion of ambrosia
 B - a potion of degeneration {unknown}


   Skills:
 + Level 6.8 Fighting
 + Level 5.0 Short Blades
 + Level 5.0 Long Blades
 + Level 8.3 Axes
 + Level 5.0 Maces & Flails
 + Level 5.0 Polearms
 + Level 5.0 Staves
 + Level 5.0 Ranged Weapons
 + Level 5.0 Throwing
 + Level 5.0 Armour
 + Level 6.8 Dodging
 + Level 5.0 Stealth
 + Level 5.0 Shields
 + Level 5.0 Unarmed Combat
 + Level 7.1 Spellcasting
 + Level 6.9 Conjurations
 + Level 4.1 Hexes
 + Level 4.1 Summonings
 + Level 4.1 Necromancy
 + Level 4.1 Translocations
 + Level 4.1 Transmutations
 + Level 4.1 Fire Magic
 + Level 4.1 Ice Magic
 + Level 4.1 Air Magic
 + Level 4.1 Earth Magic
 + Level 4.1 Poison Magic
 + Level 5.5 Invocations
 + Level 5.0 Evocations


You had 15 spell levels left.
You knew the following spells:

 Your Spells              Type           Power      Damage    Failure   Level
a - Kiss of Death         Conj/Necr      88%        2d12      1%          1
b - Hailstorm             Conj/Ice       22%        3d7       2%          3
c - Momentum Strike       Conj/Tloc      44%        3d9       1%          2
d - Static Discharge      Conj/Air       44%        2-4/arc   1%          2

Your spell library contained the following spells:

 Spells                   Type           Power      Damage    Failure   Level
 Scorch                   Fire           34%        2d7       2%          2
 Poisonous Vapours        Pois/Air       34%        N/A       2%          2
 Mephitic Cloud           Conj/Pois/Air  20%        N/A       3%          3
 Cigotuvi's Dreadful Rot  Necr/Pois/Air  34%        N/A       8%          2


Dungeon Overview and Level Annotations

Branches:
Dungeon (7/15)             Temple (1/1) D:4         Ossuary (visited)
 Bailey (1/1)

Altars:
Cheibriados
Dithmenos
Elyvilon
Fedhas
Gozag
Hepliaklqana
Makhleb
Qazlal
Ru
Sif Muna
Trog
Uskayaw
Vehumet
Wu Jian
Yredelemnul
Zin
The Shining One

Shops:
D:4 :

Annotations:
D:3 2 transporters, Lennethare's ghost, amateur DrNe
D:4 1 runed translucent door, Crazy Yiuf Bailey Prince Ribbit


Innate Abilities, Weirdness & Mutations

You have very sharp teeth.
Your uncanny sense of smell can sniff out nearby items.
Your experience applies equally to all skills.


Message History

You slice the vault guard!!
The vault guard is moderately wounded.
The bullfrog barely misses you.
Prince Ribbit blinks!
The bullfrog completely misses you.
Prince Ribbit says, "You're just another fly to me."
The vault guard closely misses you.
Your unstable footing causes you to fumble your attack.
The bullfrog barely misses you. The bullfrog completely misses you.
The vault guard misses you.
Prince Ribbit blinks!
Your unstable footing causes you to fumble your attack.
The bullfrog hits you. The bullfrog barely misses you.
The vault guard completely misses you.
The orc warrior splashes around in the water.
Prince Ribbit hits you but does no damage.
You slash the vault guard!
The vault guard is moderately wounded.
The bullfrog hits you but does no damage.
Prince Ribbit croaks regally.
Prince Ribbit barely misses you.
The vault guard hits you but does no damage.
The bullfrog misses you. The orc warrior misses you.
Prince Ribbit completely misses you. The vault guard misses you.
The bullfrog completely misses you.
You barely miss Prince Ribbit.
You bite Prince Ribbit, but do no damage.
Prince Ribbit is almost dead.
The bullfrog barely misses you. The orc warrior closely misses you.
Prince Ribbit hits you.
The vault guard hits you with a +0 broad axe!
* * * LOW HITPOINT WARNING * * *
Prince Ribbit closely misses you. The bullfrog hits you.
* * * LOW HITPOINT WARNING * * *
The orc warrior hits you but does no damage.
Your unstable footing causes you to fumble your attack.
The bullfrog hits you.
* * * LOW HITPOINT WARNING * * *
Prince Ribbit hits you.
* * * LOW HITPOINT WARNING * * *
The vault guard hits you with a +0 broad axe!!
You die...

#..####...#~~~~~#
#.)...#...#~~~~~#
#.....#...##~~~##
###'###..####)###
#≈~..≈#..'..))..#
#≈~..≈####......#
##≈~.≈##≈##.....#
∆#≈~.)≈≈~≈#....##
∆#≈@F.~~~≈##..##
#Fop.~~~~≈#.##
#≈~~...~~~≈###
#≈~~.~~~~~≈#
≈~.....~~~≈#
≈~.~.~..~~~≈#
.........~~≈#
~~~.......~~≈#


You could see a vault guard, Prince Ribbit, an orc warrior and a bullfrog.

Vanquished Creatures
  2 humans (Bailey)
  2 orc warriors
  A black bear (D:6)
  2 ogres
  A centaur (D:6)
  4 phantoms
  2 necrophages (D:5)
  2 scorpions (D:5)
  9 bullfrogs
  3 water moccasin zombies (Ossuary)
  A wight (Ossuary)
  4 howler monkeys
  A bullfrog zombie (Ossuary)
  2 jellies
  3 orc priests
  4 hounds
  6 iguanas
  2 scorpion zombies (Ossuary)
  2 ogre zombies (Ossuary)
  7 gnolls
  12 adders
  A white imp (D:5)
  An ufetubus (D:5)
  2 worms
  A dart slug (D:1)
  23 orcs
  3 bats
  4 endoplasms
  4 giant cockroaches
  2 gnoll zombies (Ossuary)
  9 goblins
  8 hobgoblins
  8 jackals
  2 quokkas (D:2)
  4 ball pythons
  3 frilled lizards
  4 goblin zombies (Ossuary)
  5 hobgoblin zombies (Ossuary)
  6 kobolds
  4 orc zombies (Ossuary)
  6 rats
172 creatures vanquished.

Vanquished Creatures (collateral kills)
  Menkaure (D:3)
  A wight (D:4)
  A howler monkey (D:4)
3 creatures vanquished.

Vanquished Creatures (others)
  A white imp (D:6)
  6 plants (D:1)
7 creatures vanquished.

Grand Total: 182 creatures vanquished

Notes
Turn   | Place    | Note
-------+----------+-------------------------------------------
     0 | D:1      | purpskrrrp the Gnoll Reaver began the quest for the Orb.
     0 | D:1      | Reached XP level 1. HP: 20/20 MP: 6/6
   110 | D:1      | Reached XP level 2. HP: 24/26 MP: 7/7
   152 | D:1      | Found a faded altar of an unknown god.
   487 | D:1      | Prayed at the altar of an unknown god.
   487 | D:1      | Became a worshipper of Zin the Law-Giver
   487 | D:1      | Reached * piety under Zin
   488 | D:1      | Donated 5 gold pieces to Zin
   814 | D:2      | Reached skill level 5 in Spellcasting
   814 | D:2      | Reached XP level 3. HP: 31/31 MP: 6/9
   909 | D:2      | Fell from the grace of Zin
  1039 | D:2      | Reached skill level 1 in Invocations
  1176 | D:2      | Reached skill level 1 in Short Blades
  1176 | D:2      | Reached skill level 1 in Long Blades
  1176 | D:2      | Reached skill level 1 in Maces & Flails
  1176 | D:2      | Reached skill level 1 in Polearms
  1176 | D:2      | Reached skill level 1 in Staves
  1176 | D:2      | Reached skill level 1 in Ranged Weapons
  1176 | D:2      | Reached skill level 1 in Throwing
  1176 | D:2      | Reached skill level 1 in Armour
  1176 | D:2      | Reached skill level 1 in Stealth
  1176 | D:2      | Reached skill level 1 in Shields
  1176 | D:2      | Reached skill level 1 in Unarmed Combat
  1176 | D:2      | Reached skill level 1 in Evocations
  1317 | D:2      | Reached XP level 4. HP: 37/38 MP: 3/11
  1647 | D:2      | Reached skill level 1 in Hexes
  1647 | D:2      | Reached skill level 1 in Summonings
  1647 | D:2      | Reached skill level 1 in Necromancy
  1647 | D:2      | Reached skill level 1 in Translocations
  1647 | D:2      | Reached skill level 1 in Transmutations
  1647 | D:2      | Reached skill level 1 in Fire Magic
  1647 | D:2      | Reached skill level 1 in Ice Magic
  1647 | D:2      | Reached skill level 1 in Air Magic
  1647 | D:2      | Reached skill level 1 in Earth Magic
  1647 | D:2      | Reached skill level 1 in Poison Magic
  2226 | D:2      | Learned a level 3 spell: Hailstorm
  2261 | D:3      | Reached XP level 5. HP: 39/39 MP: 9/12
  2443 | D:3      | Found a transporter.
  2447 | D:3      | Noticed Lennethare's ghost (amateur DrNe)
  2448 | D:3      | Found a transporter.
  3212 | D:4      | Noticed Menkaure
  3221 | D:3      | Killed Menkaure
  3222 | D:3      | Reached skill level 5 in Fighting
  3222 | D:3      | Reached skill level 5 in Dodging
  3222 | D:3      | Reached XP level 6. HP: 30/51 MP: 14/14
  3311 | D:4      | Found a staircase to the Ecumenical Temple.
  3334 | D:4      | Found a hide-covered altar of Uskayaw.
  3355 | D:4      | You fall into a shaft and drop 1 floor!
  3355 | D:5      | Entered Level 5 of the Dungeon
  3602 | D:5      | Reached skill level 7 in Axes
  3602 | D:5      | Reached XP level 7. HP: 56/56 MP: 8/15
  3888 | D:4      | Found Opnuvier's Book Shoppe.
  4726 | Temple   | Entered the Ecumenical Temple
  5194 | D:4      | Found a radiant altar of Vehumet.
  5324 | D:4      | Became a worshipper of Vehumet
  5380 | D:4      | Found a runed translucent door.
  5381 | D:4      | Noticed Crazy Yiuf
  5663 | D:5      | Reached XP level 8. HP: 59/59 MP: 14/16
  6575 | D:5      | Learned a level 2 spell: Momentum Strike
  6976 | D:6      | Found a sand-covered staircase.
  6980 | Ossuary  | Entered an ossuary
  6994 | Ossuary  | Reached * piety under Vehumet
  6994 | Ossuary  | Offered knowledge of Shock by Vehumet.
  7241 | Ossuary  | Reached XP level 9. HP: 63/69 MP: 15/18
  7280 | Ossuary  | Noticed a silent spectre
  7462 | D:6      | Offered knowledge of Static Discharge by Vehumet.
  7468 | D:6      | Learned a level 2 spell: Static Discharge
  7486 | D:6      | Reached ** piety under Vehumet
  7659 | D:6      | Found a burning altar of Makhleb.
  7670 | D:6      | Found a bloodstained altar of Trog.
  7787 | D:6      | Found a shimmering blue altar of Sif Muna.
  7952 | D:7      | Reached skill level 8 in Axes
  8034 | D:7      | Found a flagged portal.
  8045 | Bailey   | Entered a bailey
  8063 | Bailey   | Reached skill level 5 in Invocations
  8181 | Bailey   | Offered knowledge of Scorch by Vehumet.
  8538 | Bailey   | Reached *** piety under Vehumet
  8539 | Bailey   | Reached skill level 5 in Short Blades
  8539 | Bailey   | Reached skill level 5 in Long Blades
  8539 | Bailey   | Reached skill level 5 in Maces & Flails
  8539 | Bailey   | Reached skill level 5 in Polearms
  8539 | Bailey   | Reached skill level 5 in Staves
  8539 | Bailey   | Reached skill level 5 in Ranged Weapons
  8539 | Bailey   | Reached skill level 5 in Throwing
  8539 | Bailey   | Reached skill level 5 in Armour
  8539 | Bailey   | Reached skill level 5 in Stealth
  8539 | Bailey   | Reached skill level 5 in Shields
  8539 | Bailey   | Reached skill level 5 in Unarmed Combat
  8539 | Bailey   | Reached skill level 5 in Evocations
  8561 | Bailey   | Reached XP level 10. HP: 77/77 MP: 16/20
  8562 | Bailey   | Noticed Prince Ribbit
  8568 | Bailey   | Noticed a vault guard
  8579 | Bailey   | Mangled by a vault guard

Illustrated notes

Levels and vault maps discovered:
D:1:      dpeg_arrival_refuge, layout_basic, ebering_ecumenical_altar_mist,
          serial_bayou_lake_a
D:2:      layout_basic, serial_park_tiny_1
D:3:      layout_loops_ring, gammafunk_ghost_mausoleum,
          chequers_serial_rivers_small_b
D:4:      layout_basic, nicolae_vehumet_altar_sigil, nicolae_uskayaw_dance_hall,
          minmay_temple_entry_tees, serial_shops, kennysheep_mini_moat,
          serial_corexii_hall, corexii_hall_statues_i, corexii_hall_statues_x,
          corexii_hall_statues_l, minmay_quadrilaterals,
          uniq_crazy_yiuf_cottage, uniq_menkaure
D:5:      layout_gridville, corexii_hall_statues_l
D:6:      layout_rooms, mainiacjoe_overflow_cross_hatched,
          mainiacjoe_overflow_alcove_2, mainiacjoe_overflow_swirl,
          nicolae_overflow_hidden_temple, mainiacjoe_overflow_paths,
          enter_ossuary_5, grunt_decor_one_mirror
D:7:      layout_cave_pools, enter_bailey_5, minmay_fountain_box
Temple:   minmay_temple_forest_path
Bailey:   bailey_axe_froggy_fort_hellmonk, bailey

Skill      XL: |  1  2  3  4  5  6  7  8  9 |
---------------+----------------------------+-----
Spellcasting   | 5 6 7 |  7.1
Invocations    | 1 2 3 4 5 |  5.5
Short Blades   | 1 2 3 5 |  5.0
Long Blades    | 1 2 3 5 |  5.0
Maces & Flails | 1 2 3 5 |  5.0
Polearms       | 1 2 3 5 |  5.0
Staves         | 1 2 3 5 |  5.0
Ranged Weapons | 1 2 3 5 |  5.0
Throwing       | 1 2 3 5 |  5.0
Armour         | 1 2 3 5 |  5.0
Stealth        | 1 2 3 5 |  5.0
Shields        | 1 2 3 5 |  5.0
Unarmed Combat | 1 2 3 5 |  5.0
Evocations     | 1 2 3 5 |  5.0
Hexes          | 1 2 3 4 |  4.1
Summonings     | 1 2 3 4 |  4.1
Necromancy     | 1 2 3 4 |  4.1
Translocations | 1 2 3 4 |  4.1
Transmutations | 1 2 3 4 |  4.1
Fire Magic     | 1 2 3 4 |  4.1
Ice Magic      | 1 2 3 4 |  4.1
Air Magic      | 1 2 3 4 |  4.1
Earth Magic    | 1 2 3 4 |  4.1
Poison Magic   | 1 2 3 4 |  4.1
Fighting       | 5 6 |  6.8
Dodging        | 5 6 |  6.8
Axes           | 7 8 |  8.3
Conjurations   | 6 |  6.9

Action                   |  1- 3 |  4- 6 |  7- 9 | 10-12 || total
-------------------------+-------+-------+-------+-------++-------
Melee: Hand axe          |    84 |    38 |       |       ||   122
       Bite              |     7 |    11 |    22 |     2 ||    42
       Staff             |       |   120 |    26 |       ||   146
       Punch             |       |     1 |       |       ||     1
       Great sword       |       |       |   213 |    15 ||   228
 Cast: Kiss of Death     |       |     1 |     2 |       ||     3
       Hailstorm         |       |     4 |    22 |     2 ||    28
       Momentum Strike   |       |       |     3 |       ||     3
       Static Discharge  |       |       |     8 |       ||     8
Invok: Donate Gold       |     1 |       |       |       ||     1
       Renounce Religion |     1 |       |       |       ||     1
  Use: Scroll            |     3 |     7 |    12 |       ||    22
       Potion            |       |     1 |     5 |       ||     6
 Stab: Sleeping          |       |     2 |     2 |       ||     4
Armor: Ring mail         |    29 |    58 |   117 |     7 ||   211
Dodge: Dodged            |    42 |    78 |   265 |    32 ||   417

Table legend: (Time is in decaauts)
 A = Elapsed time spent in this place.
 B = Non-inter-level travel time spent in this place.
 C = Inter-level travel time spent in this place.
 D = Time resting spent in this place.
 E = Time spent auto-exploring this place.
 F = Levels seen in this place.
 G = Mean time per level.
                   A        B        C        D        E       F      G
               +--------+--------+--------+--------+--------+-----+--------+
         Total |   8753 |   8375 |    378 |    896 |   5993 |  10 |  875.3 |
       Dungeon |   7457 |   7119 |    338 |    621 |   5317 |   7 | 1065.3 |
        Temple |    356 |    316 |     40 |      0 |    303 |   1 |  356.0 |
       Ossuary |    373 |    373 |      0 |      0 |    232 |   1 |  373.0 |
        Bailey |    566 |    566 |      0 |    275 |    141 |   1 |  566.0 |
               +--------+--------+--------+--------+--------+-----+--------+

Top non-repeatable levels by time:
     D:5: 1784 daAuts
     D:4: 1550 daAuts
     D:2: 1441 daAuts
     D:3: 981 daAuts
     D:1: 849 daAuts
     D:6: 737 daAuts
  Bailey: 566 daAuts
 Ossuary: 373 daAuts
  Temple: 356 daAuts
     D:7: 113 daAuts
